 Dungeon Crawl Stone Soup version 0.13.2 (webtiles) character file.

230 sanboga the Covered (level 4, -9/40 HPs)
             Began as a Minotaur Fighter on Mar 15, 2017.
             Mangled by an orc warrior
             ... wielding a -1,+2 orcish halberd of venom
              (23 damage)
             ... on Level 3 of the Dungeon.
             The game lasted 00:08:33 (2058 turns).

sanboga the Covered (Minotaur Fighter)              Turns: 2058, Time: 00:08:33

HP  -9/40        AC  7     Str 22      XL: 4   Next: 47%
MP   1/1         EV 14     Int  5      God:
Gold 130         SH 20     Dex 14      Spells:  0 memorised,  3 levels left

Res.Fire  : + . .   See Invis. : .   n - +1,+4 dwarf short sword (speed)
Res.Cold  : + . .   Warding    : .   b - +0 scale mail
Life Prot.: . . .   Conserve   : .   c - +0 shield
Res.Poison: +       Res.Corr.  : .   (helmet restricted)
Res.Elec. : +       Clarity    : .   (no cloak)
Sust.Abil.: . .     Spirit.Shd : .   (no gloves)
Res.Mut.  : .       Stasis     : .   (no boots)
Res.Rott. : .       Flight     : .   h - amulet of the gourmand
Gourmand  : +                        (no ring)
                                     q - cursed +2 ring of evasion

@: agile, very slightly contaminated, slightly resistant to hostile
enchantments, very unstealthy
A: retaliatory headbutt, horns 2
a: no special abilities


You were on level 3 of the Dungeon.
You were hungry.

You visited 1 branch of the dungeon, and saw 3 of its levels.

You collected 110 gold pieces.

Inventory:

Hand weapons
 n - a +1,+4 dwarven short sword of speed (weapon)
Armour
 b - a +0 scale mail (worn)
 c - a +0 shield (worn)
Comestibles
 d - 2 bread rations
 f - 3 meat rations
 j - an apple
Scrolls
 i - a scroll of fear
Jewellery
 h - an amulet of the gourmand (around neck)
 q - a cursed +2 ring of evasion (left hand)
Potions
 l - a potion of resistance
 m - a potion of berserk rage {unknown}
 o - a potion of heal wounds {unknown}
 p - a potion of might {unknown}


   Skills:
 + Level 4.2 Fighting
 + Level 2.9 Short Blades
 + Level 4.5 Armour
 + Level 2.1 Dodging
 + Level 4.1 Shields


You had 3 spell levels left.
You didn't know any spells.

Dungeon Overview and Level Annotations

Branches:
Dungeon (3/27)

Altars:
Sif Muna


Innate Abilities, Weirdness & Mutations

You reflexively headbutt those who attack you in melee.
You have a pair of horns on your head.


Message History

* * * LOW HITPOINT WARNING * * *
You feel sick.
Drink which item? (? for menu, Esc to quit)
Magic courses through your body.
It was a potion of magic.
Drink which item? (? for menu, Esc to quit)
You feel better.
It was a potion of curing.
You start resting.
An orc wizard is nearby!
An orc wizard is nearby!
The orc warrior throws an orcish hand axe.
The orcish hand axe misses you.
The orc wizard gestures wildly while chanting.
The orc wizard blinks!
An orc warrior is nearby!
You block the orc warrior's attack.
You hit the orc warrior but do no damage.
You headbutt the orc warrior, but do no damage.
The orc warrior hits you with an orcish halberd of venom!
Ouch! That really hurt!
You die...

#...# # ###<# #######+##### #.##
### #........ยง..### #..# ###..
#.....o.....o.#######.#######.'..
'...........#..#............#.#..
#[..........##.oo...........#.#..
#...........####o.............#..
#...[.......# #@.).........###..
#.>.........# #............# #..
#...........# #............# #..
##########+## #######.###### ###
...# #### # #


You could see an orc warrior, an orc wizard and an orc.

Vanquished Creatures
  5 adders
  2 giant geckos (D:1)
  An ooze (D:2)
  An orc (D:3)
  2 giant cockroaches (D:2)
  4 goblins
  10 hobgoblins
  3 jackals (D:1)
  7 kobolds
  2 quokkas
  A ball python (D:1)
  5 bats
  4 giant newts
  3 rats (D:2)
50 creatures vanquished.

Notes
Turn   | Place    | Note
--------------------------------------------------------------
     0 | D:1      | sanboga, the Minotaur Fighter, began the quest for the Orb.
     0 | D:1      | Reached XP level 1. HP: 19/19 MP: 0/0
   233 | D:1      | Reached skill level 4 in Armour
   344 | D:1      | Reached XP level 2. HP: 23/26 MP: 0/0
  1039 | D:2      | Reached skill level 1 in Dodging
  1039 | D:2      | Reached XP level 3. HP: 31/33 MP: 1/1
  1464 | D:2      | Reached XP level 4. HP: 40/40 MP: 1/1
  1570 | D:2      | Found a deep blue altar of Sif Muna.
  2019 | D:3      | Noticed an orc warrior
  2058 | D:3      | Mangled by an orc warrior

Action                   |  1- 3 |  4- 6 || total
-------------------------+-------+-------++-------
Melee: Short sword       |   131 |    34 ||   165
  Use: Scroll            |     5 |     7 ||    12
       Potion            |       |     4 ||     4
